 Dungeon Crawl Stone Soup version 0.29.1-4-g47bece8355 (webtiles) character file.

Game seed: 15353634691458857834

77 KittyFluff the Cudgeller (level 4, 0/43 HPs)
             Began as a Gargoyle Berserker on Dec 2, 2022.
             Was a Believer of Trog.
             Slain by a gnoll
             ... wielding a +0 spear
              (5 damage)
             ... on level 2 of the Dungeon.
             The game lasted 00:07:47 (1415 turns).

KittyFluff the Cudgeller (Gargoyle Berserker)       Turns: 1415, Time: 00:07:47

Health: 0/43       AC:  6    Str: 20    XL:     4   Next: 34%
Magic:  4/4        EV: 16    Int:  8    God:    Trog [**....]
Gold:   96         SH:  5    Dex: 13    Spells: 3/3 levels left

rFire   . . .      SeeInvis .   a - +0 mace
rCold   . . .      Faith    .   (no shield)
rNeg    + . .      Spirit   .   m - +0 leather armour of Inevitability {Dex+2}
rPois   ∞          Reflect  +   (no helmet)
rElec   +          Harm     .   (no cloak)
rCorr   .          Rampage  .   (no gloves)
Will    .....                   (no boots)
Stlth   ..........              d - amulet of reflection
HPRegen 0.14/turn               f - +4 ring of evasion
MPRegen 0.09/turn               (no ring)

@: berserking, very quick
A: sickness immunity, AC +3, negative energy resistance 1, electricity
resistance, torment resistance 1, petrification resistance
a: Renounce Religion, Berserk, Trog's Hand


You were on level 2 of the Dungeon.
You worshipped Trog.
Trog was pleased with you.
You visited 1 branch of the dungeon, and saw 2 of its levels.

You collected 96 gold pieces.

Inventory:

Hand Weapons
 a - a +0 mace (weapon)
 l - a +0 sling of flaming
Missiles
 i - 12 stones (quivered)
Armour
 b - a +0 animal skin
 k - a +0 leather armour
 m - the +0 leather armour of Inevitability (worn) {Dex+2}
   (You took it off a goblin on level 2 of the Dungeon)

   Dex:       It affects your dexterity (+2).
Jewellery
 d - an amulet of reflection (around neck)
 f - a +4 ring of evasion (left hand)
Scrolls
 j - 2 scrolls of identify {unknown}
 o - 2 scrolls of teleportation {unknown}
Potions
 c - 2 potions of curing {unknown}
 e - a potion of lignification {unknown}
 g - a potion of invisibility {unknown}
 h - a potion of heal wounds {unknown}
 n - a potion of degeneration {unknown}


   Skills:
 + Level 3.8 Fighting
 + Level 3.9 Maces & Flails
 + Level 0.2 Ranged Weapons
 * Level 2.6 Armour
 + Level 2.0 Dodging
 + Level 0.7 Stealth
 + Level 0.3 Shields


You had 3 spell levels left.
You didn't know any spells.
Your spell library was empty.

Dungeon Overview and Level Annotations

Branches:
Dungeon (2/15)

Altars:


Innate Abilities, Weirdness & Mutations

You are immune to sickness and miasma.
Your stone body is resilient. (AC +3)
You are immune to poison.
You resist negative energy. (rN+)
You are resistant to electric shocks. (rElec)
You are resistant to unholy torment.
You are immune to petrification.


Message History

The gnoll misses you.
The gnoll hits you from afar with a +0 spear.
You hit the gnoll.
The gnoll is severely wounded.
You block the gnoll's attack. x2; The gnoll hits you but does no damage.
The gnoll hits you from afar with a +0 spear.
You closely miss the gnoll.
The gnoll is severely wounded.
The gnoll misses you. The gnoll barely misses you.
You closely miss the gnoll.
The gnoll is severely wounded.
The gnoll hits you with a +0 flail.
The gnoll hits you from afar with a +0 spear.
* * * LOW HITPOINT WARNING * * *
You hit the gnoll.
You kill the gnoll!
Trog accepts your kill. The gnoll hits you but does no damage.
A red film seems to cover your vision as you go berserk!
You feel yourself moving faster!
You feel mighty!
The gnoll hits you from afar with a +0 spear!
* * * LOW HITPOINT WARNING * * *
The gnoll closely misses you.
You thump the gnoll!
The gnoll is heavily wounded.
The gnoll closely misses you. x2
You completely miss the gnoll.
The gnoll is heavily wounded.
The gnoll hits you but does no damage. The gnoll barely misses you.
You barely miss the gnoll.
The gnoll is heavily wounded.
The gnoll barely misses you. You block the gnoll's attack.
You completely miss the gnoll.
The gnoll is heavily wounded.
The gnoll completely misses you. The gnoll barely misses you.
You bludgeon the gnoll!!
You kill the gnoll!
Trog accepts your kill.
The gnoll hits you from afar with a +0 spear.
You die...

...# #### .# ####. r#
..... ### .# ##### .. .#
## .# .# .# ##.# .# . .#
###..# ######.##....
.###...######...@)g......
..............####.##....
.....########## .# .
.##### .# ## .# ##


You could see a gnoll.

Vanquished Creatures
  2 gnolls (D:2)
  2 adders (D:2)
  A dart slug (D:1)
  An orc (D:2)
  3 bats
  6 endoplasms
  6 goblins
  3 hobgoblins (D:1)
  6 jackals (D:2)
  3 quokkas
  3 ball pythons
  3 kobolds
  3 rats (D:1)
42 creatures vanquished.

Vanquished Creatures (others)
  A plant (D:1)
1 creature vanquished.

Grand Total: 43 creatures vanquished

Notes
Turn   | Place    | Note
-------+----------+-------------------------------------------
     0 | D:1      | KittyFluff the Gargoyle Berserker began the quest for the
                  | Orb.
     0 | D:1      | Reached XP level 1. HP: 14/14 MP: 1/1
   118 | D:1      | Reached XP level 2. HP: 17/19 MP: 2/2
   338 | D:1      | Found a faded altar of an unknown god.
   807 | D:1      | Reached XP level 3. HP: 24/24 MP: 3/3
  1081 | D:2      | Identified the +0 leather armour of Inevitability {Dex+2}
  1098 | D:2      | Reached ** piety under Trog
  1396 | D:2      | Reached XP level 4. HP: 29/29 MP: 4/4
  1415 | D:2      | Slain by a gnoll

Illustrated notes

Levels and vault maps discovered:
D:1:      mainiacjoe_arrival_reflecting_pool, layout_basic, serial_forest,
          infiniplex_forest_zigzag_2, infiniplex_forest_lined_2,
          infiniplex_forest_3_way, infiniplex_forest_straight_4,
          infiniplex_forest_corner_1, infiniplex_forest_straight_5,
          infiniplex_forest_clump_medium, basic_ecumenical_altar
D:2:      layout_rooms, kennysheep_generic_room_11, uniq_sigmund

Skill      XL: |  1  2  3 |
---------------+----------+-----
Dodging        | 2 |  2.0
Fighting       | |  3.8
Maces & Flails | |  3.9
Ranged Weapons | |  0.2
Armour         | |  2.6
Stealth        | |  0.7
Shields        | |  0.3

Action                   |  1- 3 |  4- 6 || total
-------------------------+-------+-------++-------
Melee: Mace              |    94 |    18 ||   112
       Punch             |     1 |       ||     1
 Fire: Sling             |    11 |       ||    11
Invok: Berserk           |       |     1 ||     1
Armor: Animal skin       |    16 |       ||    16
       Leather armour    |     5 |     6 ||    11
Dodge: Dodged            |    81 |    22 ||   103
Block: Other             |    26 |     4 ||    30
